 Dungeon Crawl Stone Soup version 0.23-a0-386-g9c9d49f (webtiles) character file.

135347 Cryolive the Fighter (level 17, -1/110 HPs)
             Began as a Gargoyle Earth Elementalist on Oct 29, 2018.
             Was a High Priest of Vehumet.
             Slain by an orc warlord
             ... wielding a +3 great sword of holy wrath
              (37 damage)
             ... on level 9 of the Dungeon.
             The game lasted 02:46:00 (36083 turns).

Cryolive the Fighter (Gargoyle Earth Elementalist) Turns: 36083, Time: 02:46:01

Health: -1/110     AC: 22    Str: 13    XL:     17   Next: 19%
Magic:  22/31      EV: 16    Int: 24    God:    Vehumet [*****.]
Gold:   1953       SH:  0    Dex: 10    Spells: 22/36 levels left

rFire    + + .     SeeInvis .   l - +7 great mace "Undeadhunter" {disrupt, rN+}
rCold    + + .     Gourm    .   (shield currently unavailable)
rNeg     + + .     Faith    .   t - +0 robe {rC+ rF+}
rPois    ∞         Spirit   .   i - +0 helmet
rElec    +         Reflect  .   c - +2 cloak {rF+}
rCorr    .         Harm     .   r - +0 pair of gloves
MR       +....                  D - +0 pair of boots {Stlth+}
Stlth    ++........             g - amulet of magic regeneration
HPRegen  0.28/turn              k - ring of protection from cold
MPRegen  0.47/turn              a - +2 ring of intelligence

@: about to teleport, flying
A: big wings, negative energy resistance 1, electricity resistance, unbreathing,
petrification resistance, rot immunity, AC +12
a: Stop Flying, Renounce Religion


You were on level 9 of the Dungeon.
You worshipped Vehumet.
Vehumet was extremely pleased with you.
You were not hungry.

You visited 4 branches of the dungeon, and saw 23 of its levels.
You also visited: Ice Cave and Volcano.

You collected 2112 gold pieces.
You spent 159 gold pieces at shops.

Inventory:

Hand Weapons
 l - the +7 great mace "Undeadhunter" (weapon) {disrupt, rN+}
   (You found it in an ice cave)

   It protects you from negative energy.
 K - a +1 quarterstaff
Missiles
 b - 550 stones (quivered)
 w - 7 steel javelins
Armour
 c - a +2 cloak of fire resistance (worn)
 i - a +0 helmet (worn)
 r - a +0 pair of gloves (worn)
 t - a +0 robe of resistance (worn)
 B - a +2 robe of positive energy
 D - a +0 pair of boots of stealth (worn)
 G - a +0 buckler
Jewellery
 a - a +2 ring of intelligence (right hand)
 g - an amulet of magic regeneration (around neck)
 k - a ring of protection from cold (left hand)
 H - a +3 ring of protection
 Q - an uncursed amulet of the acrobat
Wands
 q - a wand of polymorph (58)
 C - a wand of digging (17)
 O - a wand of disintegration (9)
 P - a wand of acid (25)
 R - a wand of iceblast (3)
 Y - a wand of clouds (6)
Scrolls
 m - a scroll of remove curse
 n - 6 scrolls of magic mapping
 o - 11 scrolls of teleportation
 u - a scroll of enchant weapon
 v - 2 scrolls of blinking
 y - a scroll of identify
 A - a scroll of enchant armour
 E - a scroll of fear {unknown}
 F - 4 scrolls of amnesia
 J - 2 scrolls of fog {unknown}
 M - a scroll of holy word {unknown}
 N - a scroll of silence
 V - a scroll of summoning {unknown}
Potions
 e - 3 potions of resistance
 f - 3 potions of haste
 h - 4 potions of might
 p - a potion of cancellation
 s - 2 potions of curing
 x - a potion of invisibility
 z - 3 potions of brilliance
 L - a potion of berserk rage
 T - a potion of magic
Miscellaneous
 j - a crystal ball of energy
Comestibles
 d - 49 rations


   Skills:
 + Level 13.9 Fighting
 + Level 9.4 Staves
 - Level 6.0 Armour
 + Level 8.9 Dodging
 - Level 2.1 Stealth
 - Level 4.0 Shields
 + Level 10.4 Spellcasting
 + Level 11.8 Conjurations
   Level 0.7 Transmutations
 * Level 7.6 Fire Magic
 + Level 13.3 Earth Magic
 + Level 9.6 Evocations


You had 22 spell levels left.
You knew the following spells:

 Your Spells              Type           Power        Failure   Level  Hunger
a - Sandblast             Erth           ######       0%          1    None
b - Stone Arrow           Conj/Erth      ######       1%          3    None
c - Lee's Rapid Deconstr  Erth           ######....   1%          5    ####...
d - Bolt of Magma         Conj/Fire/Erth ######....   1%          5    ####...

Your spell library contained the following spells:

 Spells                   Type           Power        Failure   Level  Hunger
 Conjure Ball Lightning   Conj/Air       #####.....   17%         6    #####..
 Magic Dart               Conj           ####         1%          1    None
 Passwall                 Tmut/Erth      #####...     1%          2    None
 Searing Ray              Conj           ######       1%          2    None
 Dazzling Spray           Conj/Hex       #####.       1%          3    None
 Inner Flame              Hex/Fire       ####....     1%          3    None
 Force Lance              Conj/Tloc      #####...     1%          4    None
 Fulminant Prism          Conj/Hex       #####.....   1%          4    None
 Iskenderun's Mystic Bla  Conj           ######..     1%          4    None
 Petrify                  Tmut/Erth      #####...     2%          4    None
 Leda's Liquefaction      Hex/Erth       #####.....   3%          4    None
 Animate Skeleton         Necr           N/A          4%          1    None
 Apportation              Tloc           ##....       4%          1    None
 Confusing Touch          Hex            ##....       4%          1    None
 Corona                   Hex            ##.....      4%          1    None
 Pain                     Necr           ##..         4%          1    None
 Summon Small Mammal      Summ           ##..         4%          1    None
 Slow                     Hex            ##......     8%          2    None
 Portal Projectile        Hex/Tloc       ##....       16%         3    None
 Regeneration             Chrm/Necr      ##........   16%         3    None
 Vampiric Draining        Necr           ##........   16%         3    None
 Bolt of Cold             Conj/Ice       #####.....   17%         6    #####..
 Freezing Cloud           Conj/Ice/Air   ####......   36%         6    #####..
 Ice Form                 Ice/Tmut       ##......     41%         4    None
 Animate Dead             Necr           N/A          45%         4    None
 Cause Fear               Hex            ##........   45%         4    None
 Metabolic Englaciation   Hex/Ice        ##........   80%         5    ####...
 Ozocubu's Refrigeration  Ice            ##........   86%         6    #####..
 Simulacrum               Ice/Necr       ##........   100%        6    #####..


Dungeon Overview and Level Annotations

Branches:
Dungeon (15/15)            Temple (1/1) D:4            Lair (6/6) D:8
  Swamp (0/4) Lair:4        Snake (0/4) Lair:2        Slime (0/5) Lair:5
    Orc (1/2) D:9          Vaults (0/5) D:13         Depths (0/5) D:15

Altars:
Ashenzari
Cheibriados
Dithmenos
Elyvilon
Fedhas
Gozag
Hepliaklqana
Kikubaaqudgha
Makhleb
Nemelex Xobeh
Okawaru
Qazlal
Ru
Sif Muna
Trog
Uskayaw
Vehumet
Wu Jian
Xom
Yredelemnul
Zin
The Shining One
Jiyva

Shops:
D:4 [   D:6 =   D:9 [   Orc:1 =

Annotations:
Lair:1 exclusion: 3 oklob plants
Lair:5 1 runed door
Lair:6 2 transporters, tuf08440's ghost, journeyman MfGl


Innate Abilities, Weirdness & Mutations

You are resistant to torment.
Your stone body is resilient. (AC +12)
You are immune to poison.
Your large and strong wings let you fly indefinitely.
You resist negative energy. (rN+)
You are resistant to electric shocks. (rElec)
You can survive without breathing.
You are immune to petrification.
You are immune to rotting.


Message History

A rock wall.
The wall shatters!
The blast of rock fragments hits the orc knight.
The orc knight is severely wounded.
The blast of rock fragments hits the orc warlord.
The orc warlord is lightly wounded.
The two-headed ogre misses you.
The two-headed ogre hits you but does no damage.
The orc warlord hits you with a +3 great sword of holy wrath!!
Casting: Lee's Rapid Deconstruction (safe; 1% risk of failure)
Confirm with . or Enter, or press ? or * to list all spells.
Aiming: Stone Arrow (safe; 1% risk of failure)
Press: ? - help, Shift-Dir - straight line
Okay, then.
As you read the scroll of teleportation, it crumbles to dust.
You feel strangely unstable.
The two-headed ogre hits you with a +0 giant club.
The two-headed ogre hits you with a +0 giant club!
The orc warlord hits you with a +3 great sword of holy wrath!!!
You die...

########## ################..
#........# #..........##..'..
#<.......######..........##.##..
#........'....#..........##.##..
#........####.'..........##.##..
#........# ###..........##.##..
#........# #o.........'..##..
#........# #oO........#######
######'### #@#####'#### #. ####.#
### #..# #. #....# ##.# ##'
#.##################.##### #..
####'####....##.............###..
#.............................#..
#..........##.##............#.+..
#..........#...#.##.##......###..
#................#...#......# #..


You could see an orc warlord, an orc knight and a two-headed ogre.

Vanquished Creatures
  Gastronok (Lair:2)
  Kirke (D:15)
  A frost giant (IceCv)
  A red draconian (Volcano)
  Snorg (Lair:4)
  A fire dragon (Lair:6)
  Harold (Lair:1)
  6 hydras
  2 catoblepae
  Erica (D:7)
  3 centaur warriors
  2 dancing weapons (D:13)
  A tengu warrior (D:14)
  5 two-headed ogres
  A death yak (IceCv)
  3 skeletal warriors (D:14)
  6 unseen horrors
  Pikel (D:4)
  A glowing orange brain (D:15)
  3 lindwurms
  14 ugly things
  5 cyclopes
  A manticore (D:13)
  3 deep elf magi
  4 centaur zombies
  5 elephants (Lair:5)
  4 black mambas
  An ice statue (IceCv)
  A rime drake (Lair:6)
  3 gargoyles
  6 torpor snails
  5 centaur skeletons
  14 spiny frogs
  11 komodo dragons
  An efreet (D:12)
  A yaktaur (Volcano)
  A freezing wraith (D:14)
  A tengu conjurer (D:15)
  3 meliai (D:13)
  4 trolls
  3 tyrant leeches (Lair:6)
  A queen bee (D:13)
  A troll (shapeshifter) (D:15)
  20 polar bears
  7 hornets
  12 slime creatures
  5 hippogriffs
  4 raiju (Lair:6)
  13 dream sheep
  Sigmund (D:6)
  A tarantella (shapeshifter) (D:15)
  54 yaks
  2 shadows
  A spriggan (D:7)
  3 hogs (D:15)
  5 wyverns
  A vampire (D:13)
  2 basilisks
  A fire elemental (Lair:4)
  Menkaure (D:6)
  2 nagas (Lair:2)
  A soldier ant (D:13)
  4 wargs
  A swamp worm (shapeshifter) (D:15)
  13 hell hounds
  Edmund (D:5)
  A water moccasin (shapeshifter) (D:15)
  10 porcupines
  10 water moccasins
  4 ice beasts
  10 orc warriors
  A hornet zombie (D:14)
  4 sky beasts
  12 black bears
  An ogre (shapeshifter) (D:14)
  An eye of draining (D:13)
  8 ogres
  Purgy (D:4)
  5 phantoms
  36 wolves
  20 centaurs
  16 crocodiles
  The ghost of BingusPrime the Bolt Thrower, an amateur TeHu (D:3)
  3 big kobolds
  14 bullfrogs
  7 scorpions
  A water moccasin skeleton (D:5)
  23 killer bees
  3 howler monkeys
  3 wights (D:9)
  3 electric eels
  10 crimson imps
  A bullfrog zombie (D:11)
  2 jellies
  4 orc priests
  5 bullfrog skeletons
  5 hounds
  An iron imp (D:2)
  4 iguanas
  11 orc wizards
  10 worker ants
  2 hell rats (Lair:4)
  A bullfrog simulacrum (D:13)
  A hound skeleton (D:4)
  Robin (D:2)
  A worker ant zombie (D:10)
  13 adders
  8 river rats (Lair:4)
  5 shadow imps
  2 adder skeletons
  4 worms
  A dart slug (D:2)
  4 leopard geckos
  35 orcs
  A ball python (D:4)
  4 bats
  3 giant cockroaches
  18 goblins
  15 hobgoblins
  7 jackals
  25 kobolds
  5 quokkas
  9 frilled lizards
  A leopard gecko zombie (D:6)
  A quokka skeleton (D:9)
  8 rats
716 creatures vanquished.

Vanquished Creatures (others)
  3 yaktaurs (Volcano)
  4 polar bears (IceCv)
  3 yaks (IceCv)
  3 wolves (IceCv)
  3 crimson imps (D:5)
  2 fungi
  18 plants (Lair:6)
36 creatures vanquished.

Grand Total: 752 creatures vanquished

Notes
Turn   | Place    | Note
-------+----------+-------------------------------------------
     0 | D:1      | Cryolive the Gargoyle Earth Elementalist began the quest
                  | for the Orb.
     0 | D:1      | Reached XP level 1. HP: 10/10 MP: 3/3
   280 | D:1      | Reached XP level 2. HP: 15/15 MP: 5/5
   924 | D:1      | Reached XP level 3. HP: 19/19 MP: 6/6
   929 | D:1      | Learned a level 3 spell: Stone Arrow
  1864 | D:2      | Found an iron altar of Okawaru.
  1983 | D:2      | Reached skill level 1 in Conjurations
  2152 | D:2      | Reached XP level 4. HP: 6/24 MP: 6/8
  2205 | D:2      | Noticed Robin
  2666 | D:2      | Found a burning altar of Makhleb.
  2671 | D:2      | Reached skill level 5 in Earth Magic
  3006 | D:2      | Killed Robin
  3006 | D:2      | Reached XP level 5. HP: 24/28 MP: 2/9
  3343 | D:3      | Found a sacrificial altar of Ru.
  3344 | D:3      | Found a stormy altar of Qazlal.
  3555 | D:3      | Found a large runed door.
  3555 | D:3      | Found a large runed door.
  3563 | D:3      | Noticed BingusPrime's ghost (amateur TeHu)
  3645 | D:3      | Reached skill level 1 in Evocations
  3706 | D:3      | Reached XP level 6. HP: 24/32 MP: 9/11
  4227 | D:4      | Noticed Purgy
  4234 | D:4      | Killed Purgy
  4234 | D:4      | Reached skill level 1 in Fighting
  4234 | D:4      | Reached skill level 1 in Armour
  4409 | D:4      | Found a staircase to the Ecumenical Temple.
  4426 | Temple   | Entered the Ecumenical Temple
  4498 | Temple   | Became a worshipper of Vehumet
  4570 | D:4      | Noticed a phantom
  4574 | D:4      | Killed a phantom
  4574 | D:4      | Reached XP level 7. HP: 38/38 MP: 1/12
  4705 | D:4      | Found Zibicse's Antique Armour Shoppe.
  5209 | D:5      | Entered Level 5 of the Dungeon
  5556 | D:5      | Noticed Pikel
  5590 | D:5      | Found a shimmering altar of Xom.
  5931 | D:4      | Killed Pikel
  5931 | D:4      | Reached XP level 8. HP: 43/46 MP: 1/14
  6174 | D:5      | Noticed Edmund
  6217 | D:5      | Killed Edmund
  6673 | D:5      | Learned a level 5 spell: Lee's Rapid Deconstruction
  6962 | D:6      | Reached XP level 9. HP: 51/51 MP: 1/16
  7001 | D:6      | Noticed Sigmund
  7216 | D:6      | Noticed Menkaure
  7263 | D:6      | Found Rinweylle's Jewellery Shop.
  7277 | D:6      | Found a hazy altar of Hepliaklqana.
  7291 | D:6      | Found a shattered altar of Ashenzari.
  7294 | D:6      | Found an ancient bone altar of Kikubaaqudgha.
  7472 | D:6      | Killed Sigmund
  7472 | D:6      | Reached skill level 5 in Spellcasting
  7472 | D:6      | Reached skill level 5 in Conjurations
  7625 | D:6      | Reached * piety under Vehumet
  7625 | D:6      | Offered knowledge of Shock by Vehumet.
  7785 | D:6      | Found a shadowy altar of Dithmenos.
  7853 | D:6      | Killed Menkaure
  8521 | D:7      | Reached skill level 1 in Shields
  8587 | D:7      | Found a sparkling altar of Nemelex Xobeh.
  8691 | D:7      | Reached skill level 1 in Staves
  8917 | D:8      | Reached skill level 5 in Fighting
  9047 | D:8      | Reached XP level 10. HP: 37/59 MP: 5/18
  9202 | D:8      | Noticed a two-headed ogre
  9205 | D:8      | Noticed Erica
  9230 | D:8      | Killed a two-headed ogre
  9230 | D:8      | Reached skill level 5 in Armour
  9324 | D:7      | Killed Erica
  9436 | D:8      | Found a staircase to the Lair.
  9545 | D:8      | Noticed a gargoyle
  9819 | D:8      | Killed a gargoyle
 10244 | D:8      | Reached ** piety under Vehumet
 10244 | D:8      | Offered knowledge of Throw Frost by Vehumet.
 10591 | D:9      | Noticed a two-headed ogre
 10595 | D:9      | Killed a two-headed ogre
 10595 | D:9      | Reached skill level 5 in Evocations
 10696 | D:9      | Reached XP level 11. HP: 67/67 MP: 10/20
 10980 | D:9      | Found a staircase to the Orcish Mines.
 11194 | D:9      | Found Jaunoud's Antique Armour Shoppe.
 11208 | D:9      | Bought a steaming robe for 159 gold pieces
 11208 | D:9      | Identified the +0 robe of Yfyjob {*Corrode +Blink rC-
                  | Regen+} (You bought it in a shop on level 9 of the Dungeon)
 11267 | D:9      | Reached skill level 5 in Dodging
 11399 | D:9      | Got a transparent robe
 11422 | D:9      | Identified the +1 robe of the Hidden Vale {+Blink MP+9}
                  | (You found it on level 9 of the Dungeon)
 11692 | D:10     | Entered Level 10 of the Dungeon
 12157 | D:10     | Offered knowledge of Mephitic Cloud by Vehumet.
 12305 | D:10     | Found a sacrificial altar of Ru.
 12474 | D:10     | Reached *** piety under Vehumet
 13421 | D:11     | Found a glowing silver altar of Zin.
 13555 | D:11     | Offered knowledge of Airstrike by Vehumet.
 13917 | D:11     | Killed an unseen horror
 13945 | D:11     | Noticed a catoblepas
 14054 | D:11     | Killed a catoblepas
 14549 | D:12     | Noticed a cyclops
 14549 | D:12     | Noticed a deep elf mage
 14690 | Lair:1   | Entered Level 1 of the Lair of Beasts
 14798 | Lair:1   | Found a frozen archway.
 14830 | IceCv    | Entered an ice cave
 14862 | IceCv    | Reached XP level 12. HP: 61/76 MP: 0/22
 15417 | IceCv    | Reached skill level 5 in Staves
 15534 | IceCv    | Reached **** piety under Vehumet
 15841 | IceCv    | Noticed a death yak
 16198 | IceCv    | Killed a death yak
 16586 | IceCv    | Reached skill level 10 in Earth Magic
 17101 | IceCv    | Noticed a frost giant
 17368 | IceCv    | Killed a frost giant
 17368 | IceCv    | Reached skill level 10 in Fighting
 17612 | IceCv    | Offered knowledge of Olgreb's Toxic Radiance by Vehumet.
 17751 | IceCv    | Found the +7 great mace "Undeadhunter" {disrupt, rN+}
 18147 | Lair:1   | Noticed Harold
 18191 | Lair:1   | Killed Harold
 18814 | Lair:1   | Noticed a seven-headed hydra
 18979 | Lair:1   | Reached XP level 13. HP: 74/83 MP: 17/24
 19620 | Lair:2   | Noticed Gastronok
 19634 | Lair:2   | Killed Gastronok
 19720 | Lair:2   | Found a staircase to the Snake Pit.
 21162 | Lair:3   | Reached ***** piety under Vehumet
 21396 | Lair:3   | Offered knowledge of Iron Shot by Vehumet.
 22071 | Lair:4   | Noticed Snorg
 22079 | Lair:4   | Killed Snorg
 22423 | Lair:4   | Found a staircase to the Swamp.
 23481 | Lair:5   | Gained mutation: Your large and strong wings let you fly
                  | indefinitely. [Gargoyle growth]
 23481 | Lair:5   | Reached XP level 14. HP: 44/92 MP: 5/26
 23504 | Lair:5   | Found a runed door.
 23508 | Lair:5   | Found a viscous altar of Jiyva.
 23509 | Lair:5   | Found a staircase to the Slime Pits.
 23577 | Lair:5   | Found a dark tunnel.
 23652 | Volcano  | Entered a volcano
 24097 | Volcano  | Noticed a red draconian
 24119 | Volcano  | Killed a red draconian
 24119 | Volcano  | Reached skill level 10 in Conjurations
 25487 | Lair:6   | Entered Level 6 of the Lair of Beasts
 25548 | Lair:6   | Offered knowledge of Bolt of Magma by Vehumet.
 25775 | Lair:5   | Learned a level 5 spell: Bolt of Magma
 26124 | Lair:6   | Reached skill level 1 in Fire Magic
 26668 | Lair:6   | Found a transporter.
 26669 | Lair:6   | Noticed a dire elephant
 26670 | Lair:6   | Found a transporter.
 26670 | Lair:6   | Noticed tuf08440's ghost (journeyman MfGl)
 27901 | Lair:6   | Found a runed door.
 28222 | Lair:6   | Reached XP level 15. HP: 78/99 MP: 18/28
 28365 | Lair:6   | Got a pair of faintly humming boots
 28376 | Lair:6   | Identified the +2 pair of boots "Datrileude" {Str+2} (You
                  | found it on level 6 of the Lair of Beasts)
 28902 | D:12     | Offered knowledge of Bolt of Draining by Vehumet.
 30428 | D:13     | Reached skill level 5 in Fire Magic
 30876 | D:13     | HP: 3/99 [meliai/divine providence (15)]
 31380 | D:13     | Found a gate to the Vaults.
 31752 | D:14     | Offered knowledge of Poison Arrow by Vehumet.
 32932 | D:14     | Found a glowing golden altar of the Shining One.
 33156 | D:14     | Reached skill level 10 in Spellcasting
 33203 | D:14     | Found a shimmering altar of Xom.
 33506 | D:15     | Entered Level 15 of the Dungeon
 34166 | D:15     | Reached XP level 16. HP: 105/105 MP: 24/30
 34317 | D:15     | Found a staircase to the Depths.
 34343 | D:15     | Noticed Kirke
 34807 | D:15     | Killed Kirke
 35164 | D:8      | Reached XP level 17. HP: 110/110 MP: 31/31
 35470 | D:3      | Killed BingusPrime's ghost
 35610 | Orc:1    | Entered Level 1 of the Orcish Mines
 35625 | Orc:1    | Found Tenavvok's Jewellery Shop.
 35643 | Orc:1    | Offered knowledge of Conjure Ball Lightning by Vehumet.
 36083 | D:9      | Slain by an orc warlord

Vault maps used:
D:1:      scummos_arrival_simple_fountains, kennysheep_small_spiral,
          kennysheep_crisscross, minmay_lizard_king
D:2:      makhleb_grotto_becter, okawaru_metal_pillars_3, uniq_robin
D:3:      gammafunk_temple_overflow_statue, ebering_ghost_disaster_area,
          lightli_corner_chamber
D:4:      minmay_temple_entry_trees, first_ration, serial_shops, shop,
          uniq_purgy
D:5:      led_xom_imps, uniq_pikel, uniq_edmund
D:6:      chequers_temple_overflow_statue_of_worship, lemuel_doored_altar,
          serial_shops, nicolae_shop_trees, uniq_menkaure, uniq_sigmund
D:7:      lemuel_coloured_pillars_altar, the_bakery, minivault_4,
          minmay_misc_feat_secret_circle, minmay_manual_mess
D:8:      lair_entry_dummy, centaur_isle, uniq_erica
D:9:      orc_0_dummy, serial_shops, shop, st_stairs_7,
          hangedman_decor_clover_reticule
D:10:     basic_altar, serial_bayou_ford_a
D:11:     basic_altar
D:12:     kb_rosetta
D:13:     erik_vaults_1, special_room
D:14:     basic_altar, hangedman_abyss_or_decor_slice,
          nicolae_tso_carved_into_rock
D:15:     gammafunk_enter_depths_forms, abandoned_shop, uniq_kirke
Temple:   jpeg_temple_clearing
Lair:1:   portal_ice_cave_entry_pillars_1, gammafunk_lair_bear_cave,
          minmay_lair_oklob_chamber, uniq_harold
Lair:2:   guppyfry_snake_entry_island, eino_small_chamber_without_monster,
          lemuel_fruit_fields, uniq_gastronok
Lair:4:   swamp_mist_pool, kennysheep_rathole, uniq_snorg
Lair:5:   slime_altar_2, nicolae_volcano_entry_vermiform
Lair:6:   wormcave, hangedman_lair_caniforms_friends, gammafunk_ghost_arena
Orc:1:    orc_temple, serial_shops, nicolae_shop_crystal, special_room,
          nicolae_orc_tapped_out
IceCv:    ice_cave_caverns_03
Volcano:  volcano_pools

Skill      XL: |  1  2  3  4  5  6  7  8  9 10 11 12 13 14 15 16 |
---------------+-------------------------------------------------+-----
Earth Magic    | 4 5 6 7 8 9 10 11 12 13 | 13.3
Conjurations   | 1 2 3 4 5 6 7 8 9 10 11 | 11.8
Spellcasting   | 3 4 5 6 7 8 9 10 | 10.4
Evocations     | 1 2 3 4 5 6 7 8 9 |  9.6
Fighting       | 1 3 5 7 9 10 12 13 | 13.9
Armour         | 1 3 4 5 6 |  6.0
Dodging        | 2 3 4 5 6 7 8 |  8.9
Shields        | 1 3 4 |  4.0
Staves         | 1 3 4 6 7 8 9 |  9.4
Fire Magic     | 3 6 7 |  7.6
Stealth        | |  2.1
Transmutations | |  0.7

Action                   |  1- 3 |  4- 6 |  7- 9 | 10-12 | 13-15 | 16-18 || total
-------------------------+-------+-------+-------+-------+-------+-------++-------
Melee: Whip              |   187 |   149 |       |       |       |       ||   336
       Morningstar       |       |    41 |    90 |       |       |       ||   131
       Flail             |       |       |   112 |   525 |   261 |       ||   898
       Great mace        |       |       |       |       |   355 |    20 ||   375
       Eveningstar       |       |       |       |       |     5 |       ||     5
 Cast: Sandblast         |     3 |    23 |    31 |    79 |   113 |     7 ||   256
       Stone Arrow       |       |    14 |    63 |   265 |   572 |    73 ||   987
       Lee's Rapid Decon |       |       |     1 |    13 |    34 |    14 ||    62
       Bolt of Magma     |       |       |       |       |    46 |     5 ||    51
 Abil: Fly               |       |       |       |       |     1 |       ||     1
Evoke: Wand              |       |       |       |     1 |     1 |       ||     2
  Use: Potion            |       |     1 |       |     4 |     5 |     1 ||    11
       Scroll            |       |       |    10 |     6 |    13 |     3 ||    32
 Stab: Sleeping          |     5 |     1 |       |     3 |       |       ||     9
  Eat: Chunk             |     4 |     9 |    12 |    27 |    45 |     7 ||   104
       Ration            |       |       |     2 |     4 |     5 |     1 ||    12
Armor: Robe              |    69 |    93 |   150 |   515 |   638 |    26 ||  1491
Dodge: Dodged            |   131 |   149 |   224 |   601 |   975 |    42 ||  2122
Block: Other             |       |       |       |   105 |   109 |       ||   214
       Reflection        |       |       |       |     1 |     3 |       ||     4

Table legend:
 A = Non-vault XP
 B = Vault XP
 C = Vault XP percentage of total XP
 D = Non-vault monster count
 E = Vault monster count
 F = Vault count percentage of total count
                 A         B        C        D         E       F
            +---------+---------+-------+---------+---------+-------
      Total |   85409 |   53991 |  38.7 |     503 |     216 |  30.0
            +---------+---------+-------+---------+---------+-------
        D:1 |      31 |       9 |  22.5 |      19 |       7 |  26.9
        D:2 |      68 |      76 |  52.8 |      23 |      12 |  34.3
        D:3 |     162 |     101 |  38.4 |      22 |       1 |   4.3
        D:4 |     514 |     784 |  60.4 |      17 |       2 |  10.5
        D:5 |     352 |     195 |  35.6 |      10 |       2 |  16.7
        D:6 |     606 |     396 |  39.5 |      15 |       2 |  11.8
        D:7 |     744 |    1239 |  62.5 |      17 |       4 |  19.0
        D:8 |    3926 |     668 |  14.5 |      31 |       6 |  16.2
        D:9 |    2231 |     307 |  12.1 |      16 |       1 |   5.9
       D:10 |    1510 |       0 |   0.0 |      24 |       0 |   0.0
       D:11 |    4575 |       0 |   0.0 |      37 |       0 |   0.0
       D:12 |    8607 |    1798 |  17.3 |      42 |       6 |  12.5
       D:13 |    5917 |    3903 |  39.7 |      27 |      20 |  42.6
       D:14 |   13403 |       0 |   0.0 |      36 |       0 |   0.0
       D:15 |    7534 |    6397 |  45.9 |      15 |      15 |  50.0
     Lair:1 |    4939 |    1489 |  23.2 |      19 |       4 |  17.4
     Lair:2 |    6192 |    2547 |  29.1 |      21 |       3 |  12.5
     Lair:3 |    5802 |       0 |   0.0 |      33 |       0 |   0.0
     Lair:4 |    4057 |    1288 |  24.1 |      17 |      11 |  39.3
     Lair:5 |    6251 |     907 |  12.7 |      20 |       3 |  13.0
     Lair:6 |    7000 |   18024 |  72.0 |      24 |      71 |  74.7
      Orc:1 |     988 |     782 |  44.2 |      18 |       6 |  25.0
      IceCv |       0 |    9373 | 100.0 |       0 |      33 | 100.0
    Volcano |       0 |    3708 | 100.0 |       0 |       7 | 100.0
            +---------+---------+-------+---------+---------+-------
